 Dungeon Crawl Stone Soup version 0.23.1 (webtiles) character file.

Game seed: 7262931037465983163

51 Hylith the Ruffian (level 3, 0/29 HPs)
             Began as a Draconian Transmuter on Mar 10, 2019.
             Succumbed to an adder's poison
             ... on level 2 of the Dungeon.
             The game lasted 00:03:34 (1122 turns).

Hylith the Ruffian (Draconian Transmuter)           Turns: 1122, Time: 00:03:34

Health: 0/29       AC:  5    Str: 13    XL:     3   Next: 58%
Magic:  5/6        EV: 12    Int: 13    God:
Gold:   78         SH:  0    Dex: 11    Spells: 5/6 levels left

rFire    . . .     SeeInvis .     - Unarmed
rCold    . . .     Gourm    .   (no shield)
rNeg     . . .     Faith    .   (armour unavailable)
rPois    .         Spirit   .   (helmet restricted)
rElec    .         Reflect  .   (no cloak)
rCorr    .         Harm     .   (no gloves)
MR       .....                  (boots currently unavailable)
Stlth    +.........             (no amulet)
HPRegen  0.09/turn              (no ring)
MPRegen  0.10/turn              (no ring)

@: lethally poisoned (0 -> -7), appendage (expiring)
A: unfitting armour, talons 3, cold-blooded, AC +5
a: End Transformation


You were on level 2 of the Dungeon.
You were not hungry.
You had grown temporary talons.
You visited 1 branch of the dungeon, and saw 2 of its levels.

You collected 78 gold pieces.

Inventory:

Missiles
 a - 48 arrows
Scrolls
 b - 6 scrolls of remove curse {unknown}
 f - a scroll of enchant armour {unknown}
 g - 3 scrolls of identify {unknown}
 h - a scroll of fear {unknown}
 i - a scroll of amnesia {unknown}
Potions
 e - a potion of haste {unknown}
Comestibles
 c - 4 rations
 d - 4 chunks of flesh


   Skills:
 * Level 1.7 Fighting
 - Level 1.7 Dodging
 * Level 4.0 Unarmed Combat
 * Level 2.3 Spellcasting
 * Level 2.2 Transmutations


You had 5 spell levels left.
You knew the following spells:

 Your Spells              Type           Power        Failure   Level  Hunger
a - Beastly Appendage     Tmut           #.....       10%         1    #......

Your spell library contained the following spells:

 Spells                   Type           Power        Failure   Level  Hunger
 Sticks to Snakes         Tmut           #.......     14%         2    ###....
 Spider Form              Tmut/Pois      #.........   43%         3    ###....
 Ice Form                 Ice/Tmut       #.......     83%         4    #####..
 Blade Hands              Tmut           #.........   95%         5    ######.


Dungeon Overview and Level Annotations

Branches:
Dungeon (2/15)

Altars:


Innate Abilities, Weirdness & Mutations

Your plain brown scales are hard. (AC +5)
You cannot fit into any form of body armour.
You are cold-blooded and may be slowed by cold attacks.
You have claws for feet.


Message History

The adder is heavily wounded.
You feel sick. The adder bites you.
* * * LOW HITPOINT WARNING * * *
You closely miss the adder.
The adder is heavily wounded.
* * * LOW HITPOINT WARNING * * *
You feel sick. The adder closely misses you. The adder bites you.
* * * LOW HITPOINT WARNING * * *
You barely miss the adder. You claw the adder.
The adder is severely wounded.
* * * LOW HITPOINT WARNING * * *
You feel sick. The adder bites you but does no damage.
You closely miss the adder. You claw the adder.
You tail-slap the adder, but do no damage.
The adder is almost dead.
Your transformation is almost over.
The adder closely misses you.
You barely miss the adder.
The adder is almost dead.
You die...

............. #
##........... #.
.........=..## .
#.>......... >
####........?#
..##.........##.# #
###...............#
######..........@S..#
)......####.........#
.#..................#
##..................#
##..............##..#
############†##........
# #...###..#...# #
#...# #.....# # #...#
#....#


You could see an adder.

Vanquished Creatures
  A gnoll (D:1)
  An adder (D:2)
  A dart slug (D:1)
  A giant cockroach (D:1)
  4 goblins
  4 hobgoblins
  A ball python (D:1)
  4 bats
  2 frilled lizards
  4 kobolds
  10 rats
33 creatures vanquished.

Notes
Turn   | Place    | Note
-------+----------+-------------------------------------------
     0 | D:1      | Hylith the Draconian Transmuter began the quest for the
                  | Orb.
     0 | D:1      | Reached XP level 1. HP: 16/16 MP: 3/3
   169 | D:1      | Reached XP level 2. HP: 4/23 MP: 3/5
   709 | D:1      | Reached XP level 3. HP: 10/28 MP: 4/6
  1097 | D:2      | Reached skill level 4 in Unarmed Combat
  1120 | D:2      | HP: 1/29 [poisoned by an adder]
  1122 | D:2      | Succumbed to an adder's poison

Skill      XL: |  1  2  3 |
---------------+----------+-----
Unarmed Combat | 4 |  4.0
Fighting       | |  1.7
Dodging        | |  1.7
Spellcasting   | |  2.3
Transmutations | |  2.2

Action                   || total
-------------------------++-------
Melee: Unarmed           ||   110
       Tailslap          ||    12
       Headbutt          ||     4
       Punch             ||     2
       Kick              ||     7
 Cast: Beastly Appendage ||    15
 Stab: Sleeping          ||     1
  Eat: Chunk             ||     1
Armor: Skin              ||    41
Dodge: Dodged            ||    85
